 Dungeon Crawl Stone Soup version 0.23-a0-655-g3751e1c (console) character file.

25 Duffy the Firebug (level 2, 0/19 HPs)
             Began as a Demonspawn Fire Elementalist on Jan 7, 2019.
             Slain by a goblin
             ... wielding a +0 dagger
              (1 damage)
             ... on level 1 of the Dungeon.
             The game lasted 00:00:43 (930 turns).

Duffy the Firebug (Demonspawn Fire Elementalist)     Turns: 930, Time: 00:00:43

Health: 0/19       AC:  2    Str:  8    XL:     2   Next: 86%
Magic:  4/5        EV: 12    Int: 16    God:
Gold:   46         SH:  0    Dex: 13    Spells: 4/5 levels left

rFire    . . .     SeeInvis .   (no weapon)
rCold    . . .     Gourm    .   (no shield)
rNeg     . . .     Faith    .   a - +0 robe
rPois    +         Spirit   .   (helmet restricted)
rElec    .         Reflect  .   (no cloak)
rCorr    .         Harm     .   (no gloves)
MR       .....                  (no boots)
Stlth    ++........             (no amulet)
HPRegen  0.06/turn              g - ring of poison resistance
MPRegen  0.09/turn              (no ring)

@: berserk cooldown, slowed, very slow
A: antennae 1
a: no special abilities


You were on level 1 of the Dungeon.
You were not hungry.

You visited 1 branch of the dungeon, and saw 1 of its levels.

You collected 46 gold pieces.

Inventory:

Armour
 a - a +0 robe (worn)
Jewellery
 g - a ring of poison resistance (left hand)
Scrolls
 d - a scroll of immolation {unknown}
 h - 2 scrolls of remove curse {unknown}
Potions
 e - a potion of degeneration {unknown}
 i - a potion of resistance {unknown}
 j - a potion of ambrosia {unknown}
Comestibles
 c - a ration
 f - a chunk of flesh


   Skills:
 - Level 1.7 Dodging
 - Level 1.7 Stealth
 + Level 2.4 Spellcasting
 + Level 1.8 Conjurations
 + Level 3.1 Fire Magic


You had 4 spell levels left.
You knew the following spells:

 Your Spells              Type           Power        Failure   Level  Hunger
h - Flame Tongue          Conj/Fire      #....        8%          1    #......

Your spell library contained the following spells:

 Spells                   Type           Power        Failure   Level  Hunger
 Throw Flame              Conj/Fire      #.....       11%         2    ###....
 Conjure Flame            Conj/Fire      #.......     22%         3    ###....
 Inner Flame              Hex/Fire       #.......     32%         3    ###....
 Sticky Flame             Conj/Fire      #.......     58%         4    #####..
 Fireball                 Conj/Fire      #.........   90%         5    ######.


Dungeon Overview and Level Annotations

Branches:
Dungeon (1/15)

Altars:


Innate Abilities, Weirdness & Mutations

You have a pair of small antennae on your head.


Message History

You feel yourself moving faster!
You feel mighty! The jackal bites you.
You feel a strong urge to attack something.
You punch the jackal!
You kill the jackal!
The jackal bites you.
You see here a jackal corpse.
You miss the jackal. The jackal bites you.
You punch the jackal!
You kill the jackal!
You closely miss the jackal. The jackal closely misses you.
You closely miss the jackal. The jackal bites you.
You hit the jackal.
The jackal is severely wounded.
The jackal bites you but does no damage.
You punch the jackal!
You kill the jackal!
You are no longer berserk.
You are exhausted.
You feel yourself slow down. The goblin hits you with a +0 dagger.
You die...

##### #.......#.#
....# ######'##.#
....# #..#.#
....# ##.#.#
....# #...# ....#
##..# ##### #..#
##########..###.#
........%@g.....#
###########....##
#....# #>...+
#....# #....#
#....# ....#


You could see a goblin.

Vanquished Creatures
  3 dart slugs (D:1)
  3 goblins (D:1)
  6 jackals (D:1)
  2 bats (D:1)
  A frilled lizard (D:1)
  2 kobolds (D:1)
  4 rats (D:1)
21 creatures vanquished.

Notes
Turn   | Place    | Note
-------+----------+-------------------------------------------
     0 | D:1      | Duffy the Demonspawn Fire Elementalist began the quest for
                  | the Orb.
     0 | D:1      | Reached XP level 1. HP: 13/13 MP: 3/3
   391 | D:1      | Gained mutation: You have a pair of small antennae on your
                  | head. [demonic ancestry]
   391 | D:1      | Reached XP level 2. HP: 19/19 MP: 3/5
   561 | D:1      | Reached skill level 3 in Fire Magic
   930 | D:1      | Slain by a goblin

Vault maps used:
D:1:      saegor_arrival_simple_a, minivault_19

Skill      XL: |  1  2 |
---------------+-------+-----
Fire Magic     | 3 |  3.1
Dodging        | |  1.7
Stealth        | |  1.7
Spellcasting   | |  2.4
Conjurations   | |  1.8

Action                   || total
-------------------------++-------
Melee: Unarmed           ||    30
 Cast: Flame Tongue      ||    30
  Use: Potion            ||     1
Armor: Robe              ||    12
Dodge: Dodged            ||    27

Table legend:
 A = Non-vault XP
 B = Vault XP
 C = Vault XP percentage of total XP
 D = Non-vault monster count
 E = Vault monster count
 F = Vault count percentage of total count
                 A         B        C        D         E       F
            +---------+---------+-------+---------+---------+-------
      Total |      37 |       0 |   0.0 |      21 |       0 |   0.0
            +---------+---------+-------+---------+---------+-------
        D:1 |      37 |       0 |   0.0 |      21 |       0 |   0.0
            +---------+---------+-------+---------+---------+-------
